AoeStats
← Comend x comend

Arena

506259913Analyzed
4v4 RM · 20d ago on Sep 12, 2026· 59m 52s· 8 players
Game mode
Random Map
Map size
Large (8 player)
Population
200
Speed
Normal
Resources
Standard
Victory
Conquest
Starting age
Dark Age
Ending age
Imperial Age
RankedLock teamsTeams togetherTeam positionsShared explorationLock speedFull tech treeHidden civsTurbo modeCheats
Victory
Defeat
🇨🇴 Burgundians · Colombia
1291
+13
🇵🇪 Turks · Peru
1289
+13
🇦🇷 Poles · Argentina
1232
+16
🇦🇷 Teutons · Argentina
1224
+16
🇹🇼 Bohemians · Taiwan
1274
-16
🇨🇭 Japanese · Switzerland
1239
-15
🇺🇸 Hindustanis · United States
1206
-14
🇨🇳 Byzantines · China
1179
-13
Pelado
10:38 Feudal Age
11:57 Double-Bit Axe
14:31 Castle Age
12:24 Horse Collar
15:19 Heavy Plow
18:40 Bow Saw
20:47 Wheelbarrow
23:18 Gold Mining
26:49 Imperial Age
24:31 Stone Mining
26:06 Stone Shaft Mining
28:37 Chemistry
27:32 Capped Ram
29:46 Two-Man Saw
29:31 Coinage
30:16 Heavy Scorpion
33:17 Town Watch
35:10 Scale Mail Armor
35:20 Forging
36:54 Hand Cart
36:24 Loom
38:11 Town Patrol
38:02 Pikeman
42:24 Crop Rotation
41:35 Halberdier
42:31 Chain Mail Armor
42:51 Iron Casting
49:41 Ballistics
54:21 Siege Engineers
ederps24
0:27 Loom
1:20 Wheelbarrow
13:29 Feudal Age
12:03 Double-Bit Axe
12:54 Gold Mining
12:54 Horse Collar
14:17 Stone Mining
15:41 Heavy Plow
15:54 Bow Saw
22:43 Castle Age
21:56 Hand Cart
21:26 Town Watch
22:29 Gold Shaft Mining
22:27 Forging
21:40 Man-at-Arms
22:24 Arson
23:43 Scale Mail Armor
24:48 Iron Casting
24:17 Squires
28:46 Chain Mail Armor
30:23 Cavalier
31:04 Husbandry
32:19 Scale Barding Armor
38:12 Imperial Age
35:57 Long Swordsman
37:47 Chain Barding Armor
38:48 Ballistics
40:09 Murder Holes
40:46 Conscription
39:56 Two-Handed Swordsman
40:53 Caravan
43:47 Blast Furnace
44:16 Plate Mail Armor
46:41 Chemistry
45:08 Champion
46:33 Fletching
47:49 Elite Skirmisher
48:57 Bodkin Arrow
51:43 Pikeman
53:48 Bracer
53:48 Padded Archer Armor
56:47 Leather Archer Armor
56:27 Light Cavalry
57:51 Hoardings
Comend x comend
11:45 Feudal Age
16:10 Castle Age
20:06 Imperial Age
37:01 Capped Ram
39:10 Siege Ram
el pichichi
1:53 Loom
11:50 Feudal Age
12:43 Double-Bit Axe
12:59 Horse Collar
16:23 Castle Age
15:33 Gold Mining
17:18 Loom
17:43 Heavy Plow
17:55 Bow Saw
18:49 Fletching
21:00 Forging
23:21 Wheelbarrow
27:30 Imperial Age
25:15 Town Watch
27:17 Stone Mining
27:57 Husbandry
28:06 Scale Barding Armor
28:11 Light Cavalry
30:42 Bloodlines
31:54 Chain Barding Armor
33:15 Winged Hussar
34:18 Pikeman
34:58 Squires
34:43 Arson
35:34 Conscription
36:57 Lechitic Legacy
37:11 Crop Rotation
37:20 Iron Casting
39:43 Blast Furnace
40:46 Cavalier
41:33 Szlachta Privileges
41:13 Elite Obuch
41:56 Scale Mail Armor
47:21 Arson
47:37 Squires
48:33 Redemption
50:57 Squires
54:05 Hand Cart
53:50 Town Patrol
Magnificent Bastard
9:48 Feudal Age
10:35 Double-Bit Axe
14:47 Castle Age
12:58 Horse Collar
16:27 Heavy Plow
16:51 Bow Saw
28:56 Imperial Age
26:31 Gold Mining
27:18 Stone Mining
28:06 Gold Shaft Mining
28:23 Forging
28:19 Scale Barding Armor
29:12 Bloodlines
29:55 Wheelbarrow
29:06 Loom
29:10 Heavy Camel Rider
30:44 Iron Casting
30:30 Chain Barding Armor
31:18 Chemistry
32:11 Plate Barding Armor
31:11 Imperial Camel Rider
32:37 Conscription
32:29 Grand Trunk Road
34:35 Blast Furnace
34:34 Husbandry
35:20 Fletching
37:32 Bodkin Arrow
40:20 Siege Engineers
42:08 Hand Cart
47:58 Fortified Wall
48:53 Bracer
Dr.Greenthumb
10:35 Feudal Age
14:46 Castle Age
12:36 Double-Bit Axe
12:32 Horse Collar
15:43 Bow Saw
15:34 Heavy Plow
17:06 Wheelbarrow
22:17 Gold Mining
23:22 Hand Cart
23:56 Stone Mining
28:40 Imperial Age
26:35 Ballistics
26:24 Loom
26:25 Town Watch
26:28 Treadmill Crane
26:59 Masonry
26:43 Fletching
27:38 Guard Tower
27:48 Bodkin Arrow
28:10 Murder Holes
28:32 Yasama
28:30 Pikeman
29:11 Squires
29:39 Bracer
30:45 Keep
29:58 Halberdier
31:20 Scale Mail Armor
31:31 Forging
32:37 Kataparuto
33:15 Arrowslits
35:53 Chemistry
35:15 Arson
35:47 Chain Mail Armor
39:11 Conscription
45:51 Plate Mail Armor
45:56 Iron Casting
45:29 Siege Engineers
meditator27
10:53 Feudal Age
11:42 Double-Bit Axe
14:29 Castle Age
12:15 Horse Collar
15:34 Bow Saw
15:45 Heavy Plow
19:26 Loom
20:21 Wheelbarrow
27:51 Imperial Age
27:57 Chemistry
28:49 Hand Cart
30:21 Padded Archer Armor
33:56 Houfnice
36:37 Siege Engineers
37:16 Pikeman
38:55 Halberdier
43:20 Two-Man Saw
46:13 Scale Mail Armor
46:24 Forging
47:55 Chain Mail Armor
48:22 Squires
50:16 Plate Mail Armor
50:21 Iron Casting
Vesper
11:03 Feudal Age
14:41 Castle Age
12:53 Double-Bit Axe
13:07 Horse Collar
15:34 Bow Saw
15:25 Heavy Plow
21:24 Scale Barding Armor
22:17 Wheelbarrow
22:43 Chain Barding Armor
23:15 Forging
27:11 Iron Casting
27:31 Gold Mining
43:14 Loom
47:46 Hand Cart
49:34 Gold Shaft Mining
Connection lost

Rejoining the realm…

Still unreachable

The connection could not be restored.

Session expired

The server has moved on; the page needs a fresh start.